 Dungeon Crawl Stone Soup version 0.25.1-8-g42b30a86e7 (webtiles) character file.

Game seed: 13897378051524003501

2771 KamiKatze the Blocker (level 10, -8/77 HPs)
             Began as a Formicid Fighter on Dec 18, 2020.
             Was a Believer of Okawaru.
             Killed by divine providence
             ... invoked by an orc priest
              (15 damage)
             ... on level 8 of the Dungeon.
             The game lasted 00:26:46 (7489 turns).

KamiKatze the Blocker (Formicid Fighter)            Turns: 7489, Time: 00:26:47

Health: -8/77      AC:  7    Str: 24    XL:     10   Next: 1%
Magic:  13/13      EV: 10    Int:  8    God:    Okawaru [**....]
Gold:   349        SH: 16    Dex: 10    Spells: 9/9 levels left

rFire    + . .     SeeInvis +   a - +0 war axe
rCold    . . .     Gourm    .   c - +0 kite shield
rNeg     . . .     Faith    .   b - +0 scale mail
rPois    .         Spirit   .   (helmet unavailable)
rElec    .         Reflect  +   (no cloak)
rCorr    .         Harm     .   (no gloves)
MR       +....                  (no boots)
Stlth    ..........             o - amulet of reflection
HPRegen  0.22/turn              r - ring of protection from fire
MPRegen  0.13/turn              u - ring of wizardry

@: lethally poisoned (-8 -> -21)
A: permanent stasis, dig shafts and tunnels, four strong arms, antennae 3
a: Dig, Shaft Self, Heroism, Renounce Religion


You were on level 8 of the Dungeon.
You worshipped Okawaru.
Okawaru was pleased with you.
You were hungry.

You visited 2 branches of the dungeon, and saw 9 of its levels.
You also visited: Ossuary.

You collected 349 gold pieces.

Inventory:

Hand Weapons
 a - a +0 war axe (weapon)
Missiles
 e - 224 stones
 h - 11 boomerangs (quivered)
 s - 2 silver javelins
Armour
 b - a +0 scale mail (worn)
 c - a +0 kite shield (worn)
 g - a +0 chain mail
 F - a +1 ring mail of poison resistance
Jewellery
 j - an uncursed amulet of magic regeneration
 o - an amulet of reflection (around neck)
 q - an uncursed amulet of the acrobat
 r - a ring of protection from fire (left hand)
 u - a ring of wizardry (right hand)
 w - an uncursed amulet of guardian spirit
 y - an uncursed amulet of regeneration {unknown}
 E - an uncursed amulet of faith {unknown}
Wands
 H - a wand of digging (3)
 I - a wand of disintegration (10)
Scrolls
 d - a scroll of fog
 i - a scroll of enchant armour {unknown}
 k - a scroll of magic mapping
 m - a scroll of fear
 n - 11 scrolls of remove curse
 p - a scroll of immolation
 v - a scroll of amnesia {unknown}
Potions
 t - a potion of heal wounds
 x - a potion of ambrosia
 z - a potion of magic
 A - a potion of curing {unknown}
 B - 2 potions of might
 C - 2 potions of mutation
 D - a potion of flight {unknown}
 G - a potion of stabbing
Comestibles
 f - 21 rations


   Skills:
 + Level 6.4 Fighting
 * Level 7.6 Axes
 + Level 6.4 Armour
 - Level 2.0 Dodging
 * Level 8.4 Shields
 + Level 4.5 Invocations


You had 9 spell levels left.
You didn't know any spells.
Your spell library was empty.

Dungeon Overview and Level Annotations

Branches:
Dungeon (8/15)             Temple (1/1) D:7         Ossuary (visited)
   Lair: D:8-11

Altars:
Ashenzari
Cheibriados
Elyvilon
Fedhas
Gozag
Hepliaklqana
Kikubaaqudgha
Makhleb
Nemelex Xobeh
Okawaru
Qazlal
Ru
Sif Muna
Trog
Uskayaw
Vehumet
Wu Jian
Xom
Yredelemnul
Zin
The Shining One


Innate Abilities, Weirdness & Mutations

You cannot be hasted, slowed, berserked, paralysed or teleported.
You can dig through walls and to a lower floor.
Your four strong arms can wield two-handed weapons with a shield.
You have a pair of large antennae on your head. (SInv)


Message History

You are more poisoned.
You slice the orc priest!!
You kill the orc priest!
Okawaru accepts your kill.
You feel sick.
The orc priest mumbles some strange prayers to Beogh against you.
Beogh smites you!
* * * LOW HITPOINT WARNING * * *
* * * LOW HITPOINT WARNING * * *
You feel sick.
The orc priest mumbles some strange prayers to Beogh against you.
Beogh smites you!
* * * LOW HITPOINT WARNING * * *
Items here: $ )) / [[ †† You hit the orc priest but do no damage.
* * * LOW HITPOINT WARNING * * *
You feel sick.
The orc priest invokes the aid of Beogh against you.
Beogh smites you!
You die...

... #........
#.##.####{.....#
#..#.# ...#
#....# ...#
##.#.# ...#
#.#.# ...# # #.#
...
#.#.#######o#
#.........@.#
##..######)....#
....>% ......#
####### ##..)..#
#######


You could see an orc priest.

Vanquished Creatures
  Sigmund (D:6)
  A spriggan (D:7)
  3 ice beasts
  A sky beast (D:7)
  An ogre (D:7)
  2 centaurs (D:5)
  An elf zombie (Ossuary)
  Blork the orc (D:4)
  A bullfrog (D:6)
  3 scorpions
  A water moccasin skeleton (D:5)
  3 crimson imps (D:5)
  3 howler monkeys
  A centaur zombie (Ossuary)
  2 jellies
  4 hounds
  3 bullfrog zombies
  A centaur skeleton (D:5)
  A human zombie (Ossuary)
  3 orc priests
  8 orc wizards
  A bullfrog skeleton (D:5)
  A gnoll shaman (D:5)
  2 iguanas
  3 worker ants
  2 big kobold zombies (Ossuary)
  A hound zombie (D:5)
  A hound skeleton (D:5)
  3 mummies (Ossuary)
  7 gnolls
  4 adders
  An ooze (D:6)
  2 adder skeletons (D:4)
  4 adder zombies (Ossuary)
  A worm (D:3)
  2 dart slugs (D:1)
  6 leopard geckos
  29 orcs
  7 bats
  5 giant cockroaches
  2 gnoll zombies (Ossuary)
  7 goblins
  8 hobgoblins
  8 jackals
  8 kobolds
  6 quokkas
  2 ball pythons
  5 frilled lizards
  2 goblin zombies (Ossuary)
  3 hobgoblin zombies (Ossuary)
  6 jackal zombies (Ossuary)
  2 kobold zombies (Ossuary)
  A leopard gecko skeleton (D:4)
  5 quokka zombies (Ossuary)
  A rat (D:1)
  2 rat zombies (Ossuary)
195 creatures vanquished.

Notes
Turn   | Place    | Note
-------+----------+-------------------------------------------
     0 | D:1      | KamiKatze the Formicid Fighter began the quest for the Orb.
     0 | D:1      | Reached XP level 1. HP: 18/18 MP: 1/1
   161 | D:1      | Reached XP level 2. HP: 23/24 MP: 2/2
   280 | D:1      | Reached skill level 1 in Dodging
   280 | D:1      | Reached XP level 3. HP: 22/29 MP: 3/3
   686 | D:2      | Reached skill level 4 in Shields
   849 | D:2      | Reached XP level 4. HP: 34/35 MP: 4/4
  1860 | D:4      | Reached XP level 5. HP: 34/42 MP: 5/5
  1879 | D:4      | Reached XP level 6. HP: 20/48 MP: 6/6
  2248 | D:4      | Noticed Blork the orc
  2402 | D:4      | Found an iron altar of Okawaru.
  2411 | D:4      | Became a worshipper of Warmaster Okawaru
  2419 | D:4      | Reached XP level 7. HP: 46/55 MP: 7/7
  2666 | D:4      | Found a glowing silver altar of Zin.
  2712 | D:5      | Entered Level 5 of the Dungeon
  2719 | D:5      | Reached skill level 5 in Shields
  2719 | D:5      | Reached skill level 1 in Invocations
  2792 | D:4      | Reached skill level 5 in Axes
  2840 | D:4      | Killed Blork the orc
  2840 | D:4      | Reached * piety under Okawaru
  2840 | D:4      | Reached XP level 8. HP: 29/61 MP: 9/9
  3036 | D:5      | Found a white marble altar of Elyvilon.
  3052 | D:5      | Reached skill level 5 in Armour
  3108 | D:5      | Reached skill level 5 in Fighting
  3818 | D:5      | Reached skill level 6 in Shields
  4847 | D:6      | Noticed Sigmund
  4867 | D:6      | Killed Sigmund
  4867 | D:6      | Reached ** piety under Okawaru
  4867 | D:6      | Reached skill level 7 in Shields
  4867 | D:6      | Reached XP level 9. HP: 34/69 MP: 11/11
  4968 | D:6      | Found a sand-covered staircase.
  5044 | Ossuary  | Entered an ossuary
  6742 | D:7      | Reached skill level 8 in Shields
  6834 | D:7      | Found a staircase to the Ecumenical Temple.
  7085 | Temple   | Entered the Ecumenical Temple
  7485 | D:8      | Reached XP level 10. HP: 43/77 MP: 13/13
  7489 | D:8      | Killed from afar by an orc priest

Illustrated notes

Levels and vault maps discovered:
D:1:      dpeg_arrival_yet_another_circle, layout_basic
D:2:      layout_rooms, first_ration
D:3:      layout_loops_ring, kennysheep_cluttered_room
D:4:      layout_rooms, marbit_many_paths, kennysheep_little_box,
          uniq_blork_the_orc
D:5:      layout_layer_cave, elyvilon_altar_5, nzn_random_ring
D:6:      layout_layer_cave, lightli_ossuary_entry_decrepit_ruins, uniq_sigmund
D:7:      layout_basic, minmay_temple_entry_purple_smoke, the_bakery
D:8:      layout_basic
Temple:   regret_index_temple_mists

Skill      XL: |  1  2  3  4  5  6  7  8  9 |
---------------+----------------------------+-----
Dodging        | 1 2 |  2.0
Shields        | 4 5 7 8 |  8.4
Axes           | 3 4 5 6 7 |  7.6
Fighting       | 4 5 6 |  6.4
Armour         | 4 5 6 |  6.4
Invocations    | 2 3 4 |  4.5

Action                   |  1- 3 |  4- 6 |  7- 9 | 10-12 || total
-------------------------+-------+-------+-------+-------++-------
Melee: War axe           |   123 |   147 |   610 |     3 ||   883
Throw: Boomerang         |       |     2 |     1 |       ||     3
  Use: Potion            |       |       |     4 |       ||     4
       Scroll            |       |       |    11 |       ||    11
  Eat: Chunk             |       |     5 |    14 |       ||    19
       Ration            |       |       |     1 |       ||     1
Armor: Scale mail        |    64 |    40 |    93 |       ||   197
Dodge: Dodged            |    46 |    42 |   140 |       ||   228
Block: Kite shield       |    73 |   134 |   431 |       ||   638
       Reflection        |       |     4 |    11 |       ||    15
